[Event "Kragero Resort Chess A 2019"]
[Site "Kragero"]
[Date "2019.02.22"]
[Round "5.7"]
[White "Nordquelle, Daniel"]
[Black "Getz, Nicolai"]
[Result "1/2-1/2"]
[ECO "C50"]
[WhiteElo "2235"]
[BlackElo "2398"]
[Annotator "NA"]
[PlyCount "60"]
[EventDate "2019.02.20"]
[EventType "swiss"]
[EventCountry "NOR"]
[SourceTitle "playchess.com"]
[Source "ChessBase"]
[SourceQuality "1"]
[TimeControl "5400+30"]

1. e4 e5 2. Nf3 Nc6 3. Bc4 Bc5 4. O-O Nf6 5. d3 d6 6. a4 a6 7. c3 Ba7 8. Re1 h6 9. Nbd2 O-O 10. Nf1 Be6 11. Bb3 Re8 12. Be3 d5 13. Bxa7 Rxa7 14. exd5 Bxd5 15. Bxd5 Nxd5 16. d4 exd4 17. Rxe8+ Qxe8 18. Nxd4 Ra8 19. Qb3 Nxd4 20. Qxd5 Nc6 21. Ne3 Rd8 22. Qb3 b6 23. Rd1 Rxd1+ 24. Qxd1 Nd8 25. a5 Ne6 26. Qd3 bxa5 27. Qxa6 Qa4 28. g3 Qa1+ 29. Kg2 Qxb2 30. Qxa5 Qb7+ 1/2-1/2

[Event "Kragero Resort Chess A 2019"]
[Site "Kragero"]
[Date "2019.02.22"]
[Round "5.8"]
[White "Malakhatko, Vadim"]
[Black "Gharibyan, Mamikon"]
[Result "1/2-1/2"]
[ECO "D35"]
[WhiteElo "2525"]
[BlackElo "2318"]
[Annotator "ChessBase"]
[PlyCount "130"]
[EventDate "2019.02.20"]
[EventType "swiss"]
[EventCountry "NOR"]
[SourceTitle "playchess.com"]
[Source "ChessBase"]
[SourceQuality "1"]
[TimeControl "5400+30"]

1. Nf3 d5 2. c4 e6 3. d4 Nf6 4. Nc3 Bb4 5. cxd5 exd5 6. Bg5 h6 7. Bh4 O-O 8. e3 Bf5 9. Bd3 Bxd3 10. Qxd3 c6 11. O-O Nbd7 12. Rab1 a5 13. Rfc1 Qe7 14. Na4 Bd6 15. Qb3 Rab8 16. Qc2 Rfe8 17. a3 Ra8 18. Qb3 Rab8 19. Nb6 g5 20. Nxd7 Qxd7 21. Bg3 Bxg3 22. hxg3 Ne4 23. Qc2 Ra8 24. Ne5 Qe7 25. f3 Nd6 26. Re1 f6 27. Ng4 Kg7 28. a4 Rad8 29. b3 Qe6 30. Nf2 Re7 31. Qc3 Rde8 32. e4 Qf7 33. e5 Nf5 34. Ng4 fxe5 35. dxe5 Re6 36. Nf6 R8e7 37. f4 h5 38. Qd3 Qg6 39. Nxh5+ Qxh5 40. Qxf5 Qg6 41. Qg4 gxf4 42. Qxg6+ Rxg6 43. gxf4 Rf7 44. Rf1 Rf5 45. Rf3 Kf7 46. b4 Ke6 47. bxa5 Rg7 48. Rb4 Rf8 49. Rc3 Rd8 50. a6 d4 51. Rc1 bxa6 52. Rxc6+ Kf5 53. Rd6 Rdg8 54. Rbxd4 Rxg2+ 55. Kf1 Ra2 56. Rd8 Rg3 57. Rf8+ Ke6 58. Rf6+ Ke7 59. Rfd6 Rh3 60. Rd2 Rxa4 61. f5 Rf3+ 62. Rf2 Rxf2+ 63. Kxf2 Rf4+ 64. Ke3 Rxf5 65. Ke4 Rf1 1/2-1/2

[Event "Kragero Resort Chess A 2019"]
[Site "Kragero"]
[Date "2019.02.22"]
[Round "5.10"]
[White "Castellanos Rodriguez, Renier"]
[Black "Hobber, Anders"]
[Result "1/2-1/2"]
[ECO "D11"]
[WhiteElo "2505"]
[BlackElo "2312"]
[Annotator "ChessBase"]
[PlyCount "86"]
[EventDate "2019.02.20"]
[EventType "swiss"]
[EventCountry "NOR"]
[SourceTitle "playchess.com"]
[Source "ChessBase"]
[SourceQuality "1"]
[TimeControl "5400+30"]

1. c4 c6 2. Nf3 d5 3. d4 Nf6 4. e3 a6 5. Nbd2 Bf5 6. Nh4 Be4 7. Be2 e6 8. O-O Nbd7 9. g3 Bd6 10. Nxe4 Nxe4 11. Bd3 Nef6 12. c5 Be7 13. b4 e5 14. Bb2 exd4 15. Nf5 O-O 16. Bxd4 Re8 17. Qf3 Bf8 18. Qf4 Nh5 19. Qh4 Qxh4 20. Nxh4 g6 21. Nf3 Bg7 22. a4 Bf8 23. Rfc1 Ng7 24. Nd2 Ne6 25. Nb3 Nxd4 26. exd4 Bg7 27. Re1 Nf8 28. Rxe8 Rxe8 29. Rd1 Ne6 30. Bf1 f5 31. f4 Kf7 32. Kf2 g5 33. Bh3 g4 34. Bf1 h5 35. Rd3 Bf6 36. Be2 h4 37. Rd2 Kg6 38. Bf1 Rh8 39. Bg2 Kf7 40. Ke3 Re8 41. Kf2 Rh8 42. Ke3 Re8 43. Kf2 Rh8 1/2-1/2

[Event "Kragero Resort Chess A 2019"]
[Site "Kragero"]
[Date "2019.02.22"]
[Round "5.11"]
[White "Mikalsen, Erlend"]
[Black "Khachatryan, Vahagn"]
[Result "0-1"]
[ECO "B19"]
[WhiteElo "2406"]
[BlackElo "2274"]
[Annotator "NA"]
[PlyCount "86"]
[EventDate "2019.02.20"]
[EventType "swiss"]
[EventCountry "NOR"]
[SourceTitle "playchess.com"]
[Source "ChessBase"]
[SourceQuality "1"]
[TimeControl "5400+30"]

1. e4 c6 2. d4 d5 3. Nc3 dxe4 4. Nxe4 Bf5 5. Ng3 Bg6 6. h4 h6 7. Nf3 e6 8. Ne5 Bh7 9. Bd3 Bxd3 10. Qxd3 Nd7 11. f4 Ngf6 12. Be3 Bb4+ 13. c3 Be7 14. O-O-O Nxe5 15. fxe5 Ng4 16. Ne4 Nxe3 17. Qxe3 Qd5 18. Kb1 O-O-O 19. Qe2 c5 20. dxc5 Qxe5 21. Qc4 Rxd1+ 22. Rxd1 Rd8 23. Rxd8+ Kxd8 24. b4 Qd5 25. Qxd5+ exd5 26. Ng3 Bxh4 27. Nf5 Bf6 28. Kc2 Be5 29. Ne3 Kd7 30. Nxd5 f5 31. Kd3 g5 32. b5 h5 33. Nb4 h4 34. c6+ Kc7 35. c4 g4 36. Ke2 b6 37. Nd5+ Kd6 38. a4 f4 39. Kf1 h3 40. gxh3 gxh3 41. c7 Kd7 42. c5 bxc5 43. b6 axb6 0-1

[Event "Kragero Resort Chess A 2019"]
[Site "Kragero"]
[Date "2019.02.22"]
[Round "5.12"]
[White "Osmak, Iulija"]
[Black "Ranaldi, Lucas"]
[Result "1/2-1/2"]
[ECO "B12"]
[WhiteElo "2394"]
[BlackElo "2229"]
[Annotator "ChessBase"]
[PlyCount "136"]
[EventDate "2019.02.20"]
[EventType "swiss"]
[EventCountry "NOR"]
[SourceTitle "playchess.com"]
[Source "ChessBase"]
[SourceQuality "1"]
[TimeControl "5400+30"]

1. e4 c6 2. d4 d5 3. e5 Bf5 4. Nf3 e6 5. Be2 c5 6. c3 Nc6 7. O-O cxd4 8. Nxd4 Nge7 9. Nxf5 Nxf5 10. Bd3 g6 11. Re1 h5 12. Nd2 Be7 13. Nf3 Nh4 14. Nxh4 Bxh4 15. Qe2 Rc8 16. Bd2 Na5 17. Rad1 Kf8 18. Qe3 a6 19. Qf4 Kg7 20. Bc1 Be7 21. Bf1 h4 22. h3 b5 23. Rd3 Rh5 24. Rf3 Qe8 25. b3 Kg8 26. Qg4 Nc6 27. Bf4 Qd8 28. Bd3 Kg7 29. Bh2 Qe8 30. Bb1 Bg5 31. Rd3 Ne7 32. Qe2 Rc6 33. Rf3 Qc8 34. Qb2 Bh6 35. Rd1 Nf5 36. Kh1 Kg8 37. Re1 a5 38. Rg1 b4 39. cxb4 axb4 40. Bf4 Rc3 41. Bxh6 Rxf3 42. gxf3 Nxh6 43. Rc1 Qa6 44. Qd2 Nf5 45. Qxb4 Qe2 46. Qf4 Qxf2 47. Bxf5 Rxf5 48. Qh6 Qxf3+ 49. Kh2 Qg3+ 50. Kh1 Qxh3+ 51. Kg1 Qg4+ 52. Kh1 Qe4+ 53. Kg1 Qd4+ 54. Kh1 Qe4+ 55. Kg1 Qg4+ 56. Kh1 Qh3+ 57. Kg1 Qg3+ 58. Kh1 Qf3+ 59. Kg1 Qf2+ 60. Kh1 Qf3+ 61. Kg1 Qg4+ 62. Kh1 Qe4+ 63. Kg1 Qd4+ 64. Kh1 Qe4+ 65. Kg1 Qg4+ 66. Kh1 Qf3+ 67. Kg1 Qg3+ 68. Kh1 Qh3+ 1/2-1/2

[Event "Kragero Resort Chess A 2019"]
[Site "Kragero"]
[Date "2019.02.22"]
[Round "5.13"]
[White "Kaasen, Tor Fredrik"]
[Black "Birkisson, Bardur Orn"]
[Result "1-0"]
[ECO "C54"]
[WhiteElo "2387"]
[BlackElo "2233"]
[Annotator "NA"]
[PlyCount "73"]
[EventDate "2019.02.20"]
[EventType "swiss"]
[EventCountry "NOR"]
[SourceTitle "playchess.com"]
[Source "ChessBase"]
[SourceQuality "1"]
[TimeControl "5400+30"]

1. e4 e5 2. Nf3 Nc6 3. Bc4 Bc5 4. O-O Nf6 5. d3 d6 6. c3 a6 7. Bb3 Ba7 8. Nbd2 O-O 9. h3 Ne7 10. Re1 Ng6 11. Nf1 h6 12. Ng3 Re8 13. d4 c6 14. Bc2 Be6 15. Be3 Nh7 16. Qd2 Nh4 17. Nh2 Qf6 18. f4 exf4 19. Bxf4 Rad8 20. e5 dxe5 21. Bxe5 Qg5 22. Bf4 Qe7 23. Bxh6 gxh6 24. Qxh6 Ng6 25. Bxg6 fxg6 26. Qxg6+ Kh8 27. Nh5 Rd7 28. Ng4 Qf7 29. Ne5 Qxg6 30. Nxg6+ Kg8 31. Ne5 Rdd8 32. Re3 Bf7 33. Rg3+ Kf8 34. Nxf7 Kxf7 35. Rg7+ Kf8 36. Rf1+ Nf6 37. Rxf6# 1-0

[Event "Kragero Resort Chess A 2019"]
[Site "Kragero"]
[Date "2019.02.22"]
[Round "5.14"]
[White "Mihajlov, Sebastian"]
[Black "Vitenberg, Noam Aviv"]
[Result "0-1"]
[ECO "D05"]
[WhiteElo "2357"]
[BlackElo "2180"]
[Annotator "NA"]
[PlyCount "102"]
[EventDate "2019.02.20"]
[EventType "swiss"]
[EventCountry "NOR"]
[SourceTitle "playchess.com"]
[Source "ChessBase"]
[SourceQuality "1"]
[TimeControl "5400+30"]

1. d4 Nf6 2. Nf3 d5 3. e3 e6 4. Bd3 c5 5. O-O Nc6 6. c3 Bd6 7. Nbd2 e5 8. dxc5 Bxc5 9. e4 O-O 10. b4 Bb6 11. a3 Bg4 12. h3 Bh5 13. Bb2 Re8 14. Re1 Qd7 15. exd5 Nxd5 16. Nc4 Bc7 17. Be4 Rad8 18. Qc2 b5 19. Bxh7+ Kh8 20. Bf5 Qe7 21. Ncd2 Qf6 22. Rad1 Nf4 23. Be4 Bb6 24. a4 a6 25. axb5 axb5 26. Rf1 Rg8 27. Bxc6 Qxc6 28. Qf5 f6 29. Kh2 Bc7 30. Kh1 Bg6 31. Qg4 e4 32. Nd4 Qd5 33. f3 e3 34. Ne4 e2 35. Nxe2 Qxd1 36. Rxd1 Rxd1+ 37. Ng1 Bh5 38. Qf5 Bg6 39. Qxb5 Nd3 40. g3 Nxb2 41. Qe2 Bb6 42. Nc5 Re8 43. Qxb2 Ree1 44. Qf2 Be8 45. h4 Bc6 46. Kh2 Rxg1 47. Qe3 Rh1+ 48. Kg2 Rdg1+ 49. Kf2 Rf1+ 50. Ke2 Bb5+ 51. c4 Re1+ 0-1

[Event "Kragero Resort Chess A 2019"]
[Site "Kragero"]
[Date "2019.02.22"]
[Round "5.15"]
[White "Tryggestad, Andreas Garberg"]
[Black "Mkrtchyan, Anahit D."]
[Result "1-0"]
[ECO "E15"]
[WhiteElo "2351"]
[BlackElo "1841"]
[Annotator "NA"]
[PlyCount "69"]
[EventDate "2019.02.20"]
[EventType "swiss"]
[EventCountry "NOR"]
[SourceTitle "playchess.com"]
[Source "ChessBase"]
[SourceQuality "1"]
[TimeControl "5400+30"]

1. d4 Nf6 2. c4 e6 3. Nf3 b6 4. g3 Ba6 5. b3 Bb4+ 6. Bd2 Be7 7. Bc3 c6 8. Nbd2 d5 9. Bg2 Nbd7 10. O-O O-O 11. Re1 Bb7 12. Ne5 Nxe5 13. dxe5 Nd7 14. e4 Qc7 15. Qh5 dxc4 16. Nxc4 c5 17. f4 b5 18. Ne3 Rfd8 19. f5 g6 20. Qh3 Nxe5 21. fxe6 Bd6 22. Rf1 Rf8 23. Rad1 Rae8 24. Bxe5 Bxe5 25. Rd7 Qb6 26. exf7+ Rxf7 27. Rdxf7 h5 28. Nd5 Bxd5 29. exd5 c4+ 30. Kh1 cxb3 31. axb3 Rd8 32. Qe6 Qxe6 33. dxe6 Re8 34. e7 Bg7 35. Bc6 1-0

[Event "Kragero Resort Chess A 2019"]
[Site "Kragero"]
[Date "2019.02.22"]
[Round "5.16"]
[White "Doluhanova, Evgeniya"]
[Black "Fossan, Aleksander"]
[Result "1/2-1/2"]
[ECO "A30"]
[WhiteElo "2348"]
[BlackElo "2040"]
[Annotator "NA"]
[PlyCount "107"]
[EventDate "2019.02.20"]
[EventType "swiss"]
[EventCountry "NOR"]
[SourceTitle "playchess.com"]
[Source "ChessBase"]
[SourceQuality "1"]
[TimeControl "5400+30"]

1. Nf3 c5 2. b3 Nf6 3. Bb2 g6 4. c4 Bg7 5. e4 O-O 6. d3 Nc6 7. Be2 d6 8. O-O a6 9. Nbd2 e5 10. Ne1 Ne8 11. Nc2 Nc7 12. a3 b5 13. b4 Ne6 14. Nb3 Rb8 15. cxb5 axb5 16. Rc1 cxb4 17. Nxb4 Nxb4 18. axb4 Bb7 19. Na5 Qb6 20. Bg4 Bh6 21. Rc2 Nd4 22. Bxd4 Qxd4 23. Rc7 Ba8 24. Qb3 d5 25. Rd1 dxe4 26. Rd7 Qb6 27. dxe4 Rbd8 28. Qc3 Bg7 29. Qc5 Qxc5 30. bxc5 Rxd7 31. Bxd7 Bf6 32. c6 Bd8 33. Nb3 Bc7 34. Kf1 Rb8 35. Nc5 Rb6 36. Rb1 Bxc6 37. Bxc6 Rxc6 38. Rxb5 f6 39. Ke2 Kg7 40. Kd3 Bb6 41. Kc4 Kf7 42. Kd5 Rxc5+ 43. Rxc5 Bxc5 44. Kxc5 Ke6 45. h4 h6 46. f3 Kd7 47. Kd5 Ke7 48. g3 g5 49. h5 Kd7 50. g4 Ke7 51. Kc6 Ke6 52. Kc7 Ke7 53. Kc8 Ke8 54. Kc7 1/2-1/2

[Event "Kragero Resort Chess A 2019"]
[Site "Kragero"]
[Date "2019.02.22"]
[Round "5.17"]
[White "Skotheim, Andreas"]
[Black "Hauge, Lars Oskar"]
[Result "0-1"]
[ECO "A10"]
[WhiteElo "2168"]
[BlackElo "2476"]
[Annotator "RC"]
[PlyCount "112"]
[EventDate "2019.02.20"]
[EventType "swiss"]
[EventCountry "NOR"]
[SourceTitle "playchess.com"]
[Source "ChessBase"]
[SourceQuality "1"]
[TimeControl "5400+30"]

1. c4 e6 2. g3 f5 3. Bg2 Nf6 4. Nf3 g6 5. d4 Bg7 6. Nc3 O-O 7. Qd3 Nc6 8. O-O d6 9. Rd1 Qe8 10. e4 e5 11. dxe5 dxe5 12. Nd5 fxe4 13. Nxf6+ Bxf6 14. Qxe4 Bf5 15. Qd5+ Kg7 16. Bg5 Qe7 17. Qd2 e4 18. Bxf6+ Qxf6 19. Ng5 Rae8 20. h4 h6 21. Nh3 Bg4 22. Re1 Bxh3 23. Bxh3 Rd8 24. Qc3 Nd4 25. Kh1 Rfe8 26. Bg2 Qf5 27. c5 Qxf2 28. Bxe4 Qf6 29. Bg2 Nf5 30. Rxe8 Rxe8 31. Rd1 Qxc3 32. bxc3 c6 33. Bh3 Nxg3+ 34. Kg2 Ne2 35. Rd7+ Kf6 36. Rxb7 Nf4+ 37. Kg3 Re3+ 38. Kxf4 Rxh3 39. Kg4 Rxc3 40. h5 a5 41. hxg6 Kxg6 42. Kf4 Rxc5 43. Rb8 Rc4+ 44. Ke5 Kg5 45. Rg8+ Kh4 46. Rg1 h5 47. Kf5 Kh3 48. a4 Kh2 49. Rg6 h4 50. Ke5 h3 51. Rd6 Kg3 52. Rd3+ Kg4 53. Rd2 Rxa4 54. Rc2 Ra3 55. Rxc6 h2 56. Rg6+ Kf3 0-1

[Event "Kragero Resort Chess A 2019"]
[Site "Kragero"]
[Date "2019.02.22"]
[Round "5.19"]
[White "Ingebretsen, Jens E"]
[Black "Holand, Per Fredrik"]
[Result "1-0"]
[ECO "A18"]
[WhiteElo "2297"]
[BlackElo "2024"]
[Annotator "NA"]
[PlyCount "63"]
[EventDate "2019.02.20"]
[EventType "swiss"]
[EventCountry "NOR"]
[SourceTitle "playchess.com"]
[Source "ChessBase"]
[SourceQuality "1"]
[TimeControl "5400+30"]

1. c4 Nf6 2. Nc3 e6 3. e4 d5 4. e5 Nfd7 5. d4 dxc4 6. Bxc4 Nb6 7. Bd3 c5 8. Nf3 Nc6 9. dxc5 Nd7 10. O-O Nxc5 11. Bb5 Qxd1 12. Rxd1 Bd7 13. Be3 a6 14. Bf1 Be7 15. Rac1 Rd8 16. Nd5 exd5 17. Bxc5 Bg4 18. Bb6 Rc8 19. Rxd5 Be6 20. Rdd1 Bxa2 21. Nd4 Bg5 22. Rc3 O-O 23. Nxc6 Rxc6 24. Rxc6 bxc6 25. Bxa6 Re8 26. Bc7 Bd5 27. b4 Bf4 28. b5 Bc4 29. Rd4 Bxb5 30. Bxb5 cxb5 31. Rxf4 g5 32. Rd4 1-0

[Event "Kragero Resort Chess A 2019"]
[Site "Kragero"]
[Date "2019.02.22"]
[Round "5.20"]
[White "Birkisson, Bjorn Holm"]
[Black "Mashinskaya, Iulia"]
[Result "1-0"]
[ECO "E72"]
[WhiteElo "2078"]
[BlackElo "2261"]
[Annotator "NA"]
[PlyCount "119"]
[EventDate "2019.02.20"]
[EventType "swiss"]
[EventCountry "NOR"]
[SourceTitle "playchess.com"]
[Source "ChessBase"]
[SourceQuality "1"]
[TimeControl "5400+30"]

1. c4 e5 2. g3 Nf6 3. Nc3 d6 4. Bg2 g6 5. e4 Bg7 6. Nge2 O-O 7. d4 exd4 8. Nxd4 Bg4 {[%emt 0:09:15] E72: King's Indian: 4 e4 d6 5 g3} (8... Nc6 9. Nxc6 bxc6 10. O-O Nd7 11. Qc2 Qf6 12. Ne2 Nc5 13. Rb1 a5 14. b3 Qe7 15. Be3 f5 16. Bxc5 dxc5 17. e5 Qxe5 18. Bxc6 Ra6 19. Bd5+ Kh8 {½-½ (75) Abasov,N (2575)-Bogdanovich,S (2593) Istanbul 2017}) 9. f3 $146 ({Predecessor:} 9. Qb3 Na6 10. h3 Nc5 11. Qc2 Be6 12. Nxe6 fxe6 13. Be3 Ncd7 14. O-O e5 15. Rad1 Qe7 16. c5 Nxc5 17. Bxc5 dxc5 {½-½ (59) Lorum,K-Heyen,M Germany 1998}) 9... Bd7 10. O-O Nc6 11. Be3 Qc8 12. Nd5 Nxd5 13. cxd5 Ne5 14. Rc1 Qd8 15. h3 c5 16. dxc6 Nxc6 17. b3 Qa5 18. Rf2 Nxd4 19. Bxd4 Bxd4 20. Qxd4 Qe5 21. Qxe5 dxe5 22. f4 exf4 23. gxf4 Bc6 24. e5 Bxg2 25. Kxg2 Rac8 26. Rfc2 Rcd8 27. Rc7 Rd2+ 28. Kf3 Rfd8 29. R1c3 Rxa2 30. Rxb7 Rd1 31. Rc8+ Kg7 32. Rcc7 Rf1+ $18 33. Kg3 Rg1+ 34. Kh4 g5+ 35. fxg5 Rf2 36. e6 Re1 37. Rxf7+ Rxf7 38. Rxf7+ Kg6 39. Rf6+ Kg7 40. Kh5 Re3 41. h4 Rxb3 42. Rf7+ Kg8 43. Rxa7 Re3 44. Re7 Kf8 45. Rf7+ Kg8 46. Rf6 Re4 47. g6 hxg6+ 48. Kxg6 Re5 49. h5 Re1 50. h6 Rg1+ 51. Kf5 Rf1+ 52. Ke5 Re1+ 53. Kd6 Rd1+ 54. Ke7 Ra1 55. Rf8+ Kh7 56. Kf7 Rf1+ 57. Ke8 Re1 58. e7 Kxh6 59. Rf7 Rg1 60. Kf8 1-0

[Event "Kragero Resort Chess A 2019"]
[Site "Kragero"]
[Date "2019.02.22"]
[Round "5.21"]
[White "Holleland, Sigve"]
[Black "Fossum, Oystein Boyum"]
[Result "0-1"]
[ECO "A25"]
[WhiteElo "2009"]
[BlackElo "2250"]
[Annotator "ChessBase"]
[PlyCount "81"]
[EventDate "2019.02.20"]
[EventType "swiss"]
[EventCountry "NOR"]
[SourceTitle "playchess.com"]
[Source "ChessBase"]
[SourceQuality "1"]
[TimeControl "5400+30"]

1. c4 e5 2. Nc3 Nc6 3. g3 f5 4. Bg2 Nf6 5. e3 g6 6. d4 e4 7. f3 exf3 8. Nxf3 d6 9. O-O Bg7 10. b4 O-O 11. Rb1 Qe7 12. Re1 Bd7 13. b5 Na5 14. Qa4 b6 15. Ng5 Rac8 16. Nh3 c6 17. Qb4 c5 18. Nd5 Nxd5 19. Bxd5+ Be6 20. dxc5 Rxc5 21. e4 Bxd5 22. exd5 Bd4+ 23. Kg2 Qb7 24. Nf4 Rxc4 25. Qxd6 Bc5 26. Qe6+ Qf7 27. Bb2 Bd4 28. Bxd4 Rxd4 29. Rbc1 Nc4 30. Qc6 Na5 31. Qe6 Nc4 32. Qc6 Na5 33. Qc3 Re4 34. Ne6 Rc4 35. Qe5 Rfc8 36. Rcd1 Rc2+ 37. Kg1 Qd7 38. a4 Nc4 39. Qd4 Nd6 40. Ng5 h6 41. Qf6 0-1

[Event "Kragero Resort Chess A 2019"]
[Site "Kragero"]
[Date "2019.02.22"]
[Round "5.22"]
[White "Gudmundsson, Bjorgvin S"]
[Black "Lund, Gunnar"]
[Result "0-1"]
[ECO "A41"]
[WhiteElo "1941"]
[BlackElo "2211"]
[Annotator "NA"]
[PlyCount "80"]
[EventDate "2019.02.20"]
[EventType "swiss"]
[EventCountry "NOR"]
[SourceTitle "playchess.com"]
[Source "ChessBase"]
[SourceQuality "1"]
[TimeControl "5400+30"]

1. d4 d6 2. Nf3 g6 3. c4 Bg7 4. Nc3 Nd7 5. b3 e5 6. e3 Ne7 7. Be2 O-O 8. dxe5 dxe5 9. Bb2 b6 10. O-O Bb7 11. Qc2 Qc8 12. Rad1 Re8 13. Rd2 Nf5 14. Rfd1 Nf8 15. Ne4 c5 16. g4 Nxe3 17. fxe3 Qxg4+ 18. Kf2 Qxe4 19. Qxe4 Bxe4 20. Ng5 Bb7 21. Rd6 f6 22. Nf3 Kf7 23. b4 cxb4 24. c5 bxc5 25. Bb5 Reb8 26. e4 Kg8 27. Bxe5 fxe5 28. Bc4+ Kh8 29. Ng5 h6 30. Nf7+ Kh7 31. R1d3 Bc8 32. Bd5 c4 33. Rg3 Be6 34. Bxe6 Nxe6 35. Rxe6 g5 36. Nxh6 Rb6 37. Re7 Kxh6 38. h4 Bf6 39. hxg5+ Bxg5 40. Rxe5 Bh4 0-1

[Event "Kragero Resort Chess A 2019"]
[Site "Kragero"]
[Date "2019.02.22"]
[Round "5.23"]
[White "Wedda, Dries"]
[Black "Aarnes, Eirik"]
[Result "1/2-1/2"]
[ECO "A07"]
[WhiteElo "2173"]
[BlackElo "1843"]
[Annotator "NA"]
[PlyCount "87"]
[EventDate "2019.02.20"]
[EventType "swiss"]
[EventCountry "NOR"]
[SourceTitle "playchess.com"]
[Source "ChessBase"]
[SourceQuality "1"]
[TimeControl "5400+30"]

1. Nf3 d5 2. g3 Nf6 3. Bg2 Bf5 4. O-O e6 5. d3 h6 6. Nbd2 Nbd7 7. Re1 Bc5 8. h3 O-O 9. e4 dxe4 10. dxe4 Bh7 11. Qe2 c6 12. b3 Qc7 13. Kh2 b5 14. Bb2 Qb6 15. Kg1 Nh5 16. Kf1 Nhf6 17. Nh2 e5 18. Bf3 Rad8 19. Kg2 Rfe8 20. Red1 Bg6 21. Ndf1 Bd4 22. c3 Bc5 23. a3 Nf8 24. Ng4 Nxg4 25. Bxg4 Qb8 26. h4 Rxd1 27. Rxd1 Rd8 28. f3 f6 29. Bc1 Bf7 30. Qc2 a5 31. b4 Bb6 32. Rxd8 Qxd8 33. Qd2 Qxd2+ 34. Bxd2 axb4 35. axb4 Ne6 36. Bxe6 Bxe6 37. Be3 Bd8 38. Bc5 g6 39. Ne3 Kf7 40. Kf2 f5 41. Bd6 Kf6 42. Bf8 h5 43. Bh6 Bb6 44. Bg5+ 1/2-1/2

[Event "Kragero Resort Chess A 2019"]
[Site "Kragero"]
[Date "2019.02.22"]
[Round "5.24"]
[White "Kazarian, Anna-Maja"]
[Black "Tenold, Andreas"]
[Result "1/2-1/2"]
[ECO "E18"]
[WhiteElo "2189"]
[BlackElo "1822"]
[Annotator "NA"]
[PlyCount "49"]
[EventDate "2019.02.20"]
[EventType "swiss"]
[EventCountry "NOR"]
[SourceTitle "playchess.com"]
[Source "ChessBase"]
[SourceQuality "1"]
[TimeControl "5400+30"]

1. Nf3 e6 2. g3 b6 3. Bg2 Bb7 4. O-O Nf6 5. d4 Be7 6. c4 O-O 7. Nc3 Ne4 8. Nxe4 Bxe4 9. d5 d6 10. Qd4 Bxf3 11. Bxf3 e5 12. Qd1 f5 13. Bg2 Nd7 14. f4 exf4 15. Bxf4 Bf6 16. Qc2 Nc5 17. Rab1 a5 18. b3 Qe7 19. a3 Rae8 20. b4 axb4 21. axb4 Ne4 22. Rbd1 Nc3 23. Rde1 Ne4 24. Rd1 Nc3 25. Rde1 1/2-1/2

[Event "Kragero Resort Chess A 2019"]
[Site "Kragero"]
[Date "2019.02.22"]
[Round "5.25"]
[White "Bergsson, Stefan"]
[Black "Stray, Gunnar"]
[Result "1/2-1/2"]
[ECO "B82"]
[WhiteElo "2172"]
[BlackElo "1994"]
[Annotator "NA"]
[PlyCount "167"]
[EventDate "2019.02.20"]
[EventType "swiss"]
[EventCountry "NOR"]
[SourceTitle "playchess.com"]
[Source "ChessBase"]
[SourceQuality "1"]
[TimeControl "5400+30"]

1. e4 c5 2. Nf3 e6 3. d4 cxd4 4. Nxd4 Nc6 5. Nc3 Qc7 6. Be3 a6 7. f4 d6 8. Qf3 Nf6 9. O-O-O Bd7 10. g4 Nxd4 11. Bxd4 Bc6 {[%emt 0:00:08] B82: Sicilian Scheveningen: 6 f4} 12. Bd3 $146 ({Predecessor:} 12. g5 Nd7 13. Bh3 O-O-O 14. Rhe1 Kb8 15. Kb1 b5 16. a3 Re8 17. Qh5 Nc5 18. b4 Nb7 19. f5 {1-0 (35) Hernandez Montes,J (2266)-Zuluaga,C (2305) Medellin 2017}) 12... Nd7 13. Rhe1 O-O-O 14. Bf2 g5 15. h4 gxf4 16. Qxf4 Ne5 17. Bf1 Bg7 18. Kb1 Rhg8 19. g5 Rh8 20. Bd4 Ng6 21. Qg3 Be5 22. Qg4 Bxd4 23. Rxd4 Ne5 24. Qd1 h6 25. gxh6 Rxh6 26. h5 Qe7 27. b4 f5 28. b5 axb5 29. Nxb5 Bxb5 30. Bxb5 f4 31. Ra4 Nd7 32. Qd4 Nc5 33. Ra8+ Kc7 34. Rxd8 Kxd8 35. e5 d5 36. Rg1 Qf8 37. Qb4 Kc7 38. Be2 Rh7 39. Rg6 b6 40. Rf6 Qg7 41. Qxf4 Qg1+ 42. Kb2 Ne4 43. Rf7+ Kc6 44. a3 Qd4+ 45. Kb3 Qc3+ 46. Ka2 Qxc2+ 47. Ka1 Rxf7 48. Qxf7 Qxe2 49. Qxe6+ Kc5 50. Qe7+ Kd4 51. Qb4+ Kxe5 52. h6 Qf1+ 53. Kb2 Qg2+ 54. Kb3 Qh3+ (54... Nc5+ $142 55. Kc3 Qf2 56. Qb1 Ne4+ 57. Kb3 Nd2+ 58. Ka2 Nxb1+ 59. Kxb1 d4 60. h7 Qf5+ 61. Kc1 Qxh7 62. Kd2 Qb1 63. Ke2 Kf4 64. Kd2 Kf3 65. a4 Qb2+ 66. Kd1 Ke3 67. Ke1 Qe2#) 55. Ka4 Qxh6 56. Kb5 Qd6 57. Qb2+ Ke6 58. Qg7 Qc5+ 59. Ka6 Qa5+ (59... Nd6 $142 60. Ka7 b5+ 61. Ka6 Qc6+ 62. Ka7 Qd7+ 63. Qxd7+ Kxd7 64. Kb6 d4 65. a4 bxa4 66. Kc5 d3 67. Kd5 d2 68. Kd4 a3 69. Kd5 a2 70. Kd4 d1=Q+ 71. Ke3 a1=Q 72. Kf2 Qg1+ 73. Kf3 Qaf1#) 60. Kb7 Nd6+ 61. Kb8 Qxa3 (61... Qc5 $142 62. Qg4+ Nf5 63. Qg8+ Ke5 64. Qh8+ Kf4 65. Qh2+ Kg5 66. Qd2+ Kf6 67. Qb2+ d4) 62. Qh7 $2 (62. Qh6+ Kd7 63. Qg7+ Kc6 64. Qc7+ Kb5 65. Qc6+ Ka5 66. Qxb6+ Ka4 67. Qa6+ Kb3 68. Qd3+ Kb4 69. Qd4+ Nc4 70. Qxd5) 62... Qc5 63. Qg6+ Ke5 64. Qh5+ Kd4 65. Qd1+ Kc4 66. Qa4+ Qb4 67. Qc6+ Kd4 68. Qc1 Qc4 69. Qg1+ Ke5 70. Qg7+ Ke6 71. Qg6+ Ke7 72. Qg5+ Ke6 $2 ({Black should try} 72... Kd7 $19 73. Qg7+ Kc6 74. Qc7+ Kb5 75. Qxd6 d4 76. Qe5+ (76. Qd7+ Kb4) 76... Ka4) 73. Qg6+ $1 Ke5 $11 (73... Kd7 $19) 74. Qg7+ Kf5 75. Qh7+ Kg4 76. Qg6+ Kf3 77. Qh5+ Kg3 78. Qg5+ Qg4 79. Qxd5 Qc8+ 80. Ka7 Qc7+ 81. Ka6 Qc8+ 82. Kxb6 Qb7+ 83. Qxb7 Nxb7 84. Kxb7 1/2-1/2

[Event "Kragero Resort Chess A 2019"]
[Site "Kragero"]
[Date "2019.02.22"]
[Round "5.26"]
[White "Sebastian, Andreas"]
[Black "Rishovd, Svein"]
[Result "0-1"]
[ECO "D00"]
[WhiteElo "1962"]
[BlackElo "2116"]
[Annotator "NA"]
[PlyCount "32"]
[EventDate "2019.02.20"]
[EventType "swiss"]
[EventCountry "NOR"]
[SourceTitle "playchess.com"]
[Source "ChessBase"]
[SourceQuality "1"]
[TimeControl "5400+30"]

1. d4 d5 2. Nc3 e6 3. Bf4 Nf6 4. e3 Be7 5. Nb5 Na6 6. Nf3 O-O 7. Bd3 c6 8. Nc3 Nb4 9. Be2 c5 10. Ne5 Nc6 11. g4 cxd4 12. exd4 Qb6 13. Nxc6 bxc6 14. Rb1 Ba6 15. Be5 Nd7 16. Bc7 Bxe2 0-1

[Event "Kragero Resort Chess A 2019"]
[Site "Kragero"]
[Date "2019.02.22"]
[Round "5.27"]
[White "Nilsen, Jarle"]
[Black "Kizatbay, Abyl"]
[Result "0-1"]
[ECO "D91"]
[WhiteElo "1845"]
[BlackElo "2084"]
[Annotator "NA"]
[PlyCount "82"]
[EventDate "2019.02.20"]
[EventType "swiss"]
[EventCountry "NOR"]
[SourceTitle "playchess.com"]
[Source "ChessBase"]
[SourceQuality "1"]
[TimeControl "5400+30"]

1. d4 Nf6 2. c4 g6 3. Nc3 d5 4. Bg5 Ne4 5. Nf3 Nxg5 6. Nxg5 Bg7 7. e3 O-O 8. Be2 e5 9. Nf3 exd4 10. exd4 dxc4 11. O-O Nc6 12. d5 Ne5 13. Nxe5 Bxe5 14. f4 Bg7 15. Bxc4 Bf5 16. Qb3 c6 17. Rad1 cxd5 18. Nxd5 Bg4 19. Rd2 Qa5 20. Qd3 Qc5+ 21. Kh1 Bf5 22. Qb3 Rfd8 23. Rfd1 Kh8 24. Be2 b6 25. Bf3 Rac8 26. h3 Bc2 27. Rxc2 Qxc2 28. Qa3 Rd7 29. b3 Rcd8 30. Qa4 h6 31. Qb5 Qxd1+ 32. Bxd1 Rxd5 33. Qc4 Rxd1+ 34. Kh2 Kg8 35. h4 h5 36. a4 R1d2 37. Qe4 Rb2 38. f5 Rdd2 39. Qe8+ Bf8 40. fxg6 Rxg2+ 41. Kh1 fxg6 0-1